 Dungeon Crawl Stone Soup version 0.31-a0-1469-gd420192249 (webtiles) character file.

Game seed: 4781164566842725502

31995 Dordric the Metamorph (level 13, -4/124 HPs)
             Began as a Troll Shapeshifter on Dec 28, 2023.
             Was a High Priest of Makhleb.
             Slain by a death yak (21 damage)
             ... on level 2 of the Lair of Beasts.
             The game lasted 00:21:38 (12537 turns).

Dordric the Metamorph (Troll Shapeshifter)         Turns: 12537, Time: 00:21:39

Health: -4/124     AC: 14    Str: 34    XL:     13   Next: 29%
Magic:  12/12      EV: 10    Int:  6    God:    Makhleb [*****.]
Gold:   805        SH:  0    Dex: 15    Spells: 12/12 levels left

rFire   . .          .
                       - Unarmed
rCold   . . .        (shield currently unavailable)
rNeg    . . .        a - melded +0 animal skin
rPois   +            (helmet currently unavailable)
rElec   .            (cloak currently unavailable)
rCorr   .            (gloves unavailable)
SInv    +            (boots unavailable)
Will    .....        (no amulet)
Stlth   +            k - ring of see invisible
HPRegen 1.20/turn    n - +6 ring of dexterity
MPRegen 0.13/turn

%: no passive effects
@: about to teleport, snake-form
A: constrict, boosted hp, large, unfitting armour, (claws 3), regeneration 1,
(shaggy fur 1), (tough skin 1)
a: Begin Untransformation, Renounce Religion, Minor Destruction, Lesser Servant
of Makhleb, Major Destruction, Greater Servant of Makhleb


You were on level 2 of the Lair of Beasts.
You worshipped Makhleb.
Makhleb was extremely pleased with you.
You were an enormous serpent.
You visited 2 branches of the dungeon, and saw 15 of its levels.

You collected 805 gold pieces.

Inventory:

Armour
 a - a +0 animal skin (melded)
 G - a +0 troll leather armour
 H - +0 acid dragon scales
 I - a +0 cloak
 K - a +1 hat of stealth
Jewellery
 k - a ring of see invisible (left hand)
 n - a +6 ring of dexterity (right hand)
 o - a ring of wizardry
 t - a +6 ring of intelligence
 x - a ring of fire
 A - a ring of resist corrosion
 M - a ring of flight
 R - a ring of magical power
 T - an amulet of faith
Talismans
 c - a beast talisman
 d - a flux talisman
 B - a serpent talisman (active)
Wands
 w - a wand of flame (26)
 y - a wand of mindburst (15)
 F - a wand of roots (15)
 J - a wand of digging (6)
Scrolls
 e - 2 scrolls of revelation
 h - a scroll of brand weapon
 i - a scroll of enchant armour
 m - 3 scrolls of teleportation
 p - 3 scrolls of poison
 r - a scroll of immolation
 s - a scroll of butterflies
 z - a scroll of silence
 C - 2 scrolls of blinking
 L - 2 scrolls of identify
 O - a scroll of fear {unknown}
 S - a scroll of fog
Potions
 b - 4 potions of lignification
 f - 3 potions of invisibility {unknown}
 g - 2 potions of curing {unknown}
 j - 2 potions of mutation {unknown}
 l - 4 potions of heal wounds {unknown}
 q - a potion of enlightenment {unknown}
 u - 2 potions of haste {unknown}
 v - 2 potions of might {unknown}
 D - 2 potions of degeneration {unknown}
 E - 2 potions of attraction {unknown}
 Q - 2 potions of brilliance {unknown}
Miscellaneous
 N - a box of beasts


   Skills:
 - Level 0.7 Fighting
 - Level 1.5 Dodging
 + Level 12.9 Unarmed Combat
 + Level 17.6 Shapeshifting


You had 12 spell levels left.
You didn't know any spells.
Your spell library contained the following spells:

 Spells                   Type           Power      Damage    Failure   Level
 Apportation              Tloc           0%         N/A       45%         1
 Kiss of Death            Conj/Necr      0%         2d5       45%         1
 Necrotise                Necr           0%         1d4       45%         1
 Sandblast                Erth           0%         2d4       45%         1
 Sting                    Conj/Alch      0%         1d3       45%         1
 Summon Small Mammal      Summ           0%         N/A       45%         1
 Call Imp                 Summ           0%         N/A       58%         2
 Lesser Beckoning         Tloc           0%         N/A       58%         2
 Sublimation of Blood     Necr           0%         N/A       58%         2
 Confusing Touch          Hex            0%         N/A       83%         3
 Gell's Gravitas          Tloc           0%         N/A       83%         3
 Passwall                 Erth           0%         N/A       83%         3
 Stone Arrow              Conj/Erth      0%         3d7       83%         3
 Teleport Other           Tloc           0%         N/A       83%         3
 Brom's Barrelling Bould  Conj/Erth      0%         2d3       99%         4
 Cause Fear               Hex            0%         N/A       99%         4
 Dispel Undead            Necr           0%         3d6       99%         4
 Fireball                 Conj/Fire      0%         3d3       100%        5
 Summon Hydra             Summ           0%         N/A       100%        7
 Dragon's Call            Summ           0%         N/A       100%        9


Dungeon Overview and Level Annotations

Branches:
Dungeon (13/15)            Temple (0/1) D:6            Lair (2/5) D:8
    Orc (0/2) D:11
  Swamp: Lair:2-3    Shoals: Lair:2-3     Snake: Lair:2-3    Spider: Lair:2-3
 Vaults: D:13-14

Altars:
Cheibriados
Gozag
Makhleb
Nemelex Xobeh
Sif Muna
Trog
Vehumet
Xom
Zin

Shops:
D:1 *   D:2 [   D:11 [   D:12 [


Innate Abilities, Weirdness & Mutations

You are an enormous serpent.
You have a powerful constriction melee attack.
Your maximum health is increased.
Your armour is entirely melded.
You are incapable of wielding weapons or throwing items.
You are too large for most types of armour.
((You have claws for hands.))
Your natural rate of healing is unusually fast.
((You are covered in fur. (AC +1)))
((You have tough skin. (AC +1)))


Message History

You constrict the death yak. The death yak gores you!
* * * LOW HITPOINT WARNING * * *
You body-slam the death yak!!
The death yak is almost dead.
You constrict the death yak. You hit the death yak.
The death yak is almost dead.
You constrict the death yak!
The death yak gores you but does no damage.
The yak barely misses you.
You body-slam the death yak!!
You kill the death yak!
Makhleb accepts your kill.
You feel better. The yak barely misses you. The yak gores you.
* * * LOW HITPOINT WARNING * * *
The yak gores you but does no damage.
As you read the scroll of teleportation, it crumbles to dust.
You feel strangely unstable. The yak closely misses you. x2
The death yak bellows!
You hit the yak. You grab the yak.
The yak is lightly wounded.
You constrict the yak.
You hear a croak.
The yak gores you!
* * * LOW HITPOINT WARNING * * *
The yak gores you.
* * * LOW HITPOINT WARNING * * *
You hit the death yak but do no damage. You constrict the yak.
The yak gores you but does no damage. The death yak barely misses you.
The yak completely misses you.
You body-slam the death yak!!
The death yak is moderately wounded.
You constrict the yak.
A bullfrog comes into view.
You barely miss the death yak.
The death yak is moderately wounded.
You constrict the yak. The yak gores you.
* * * LOW HITPOINT WARNING * * *
The death yak gores you!!
You die...

#......YYY #......Y..
...PF#+ ##.##...##. ........
##P......... ........
.....YY#...# ........
..P...Y# # #....... ...#.Y.#
#Y.....P# ...#...#
##YY##...# ...#.D.# ###
#SYY....# .......##
#P#####Y#..#.##
........###....##Y#..+.P#
.............D.....†...#
..................#.>..##
##...................#..#
#..................##..###
##................)....#.##.
^
#P..........................
..


You could see 3 death yaks, 4 yaks and a bullfrog.

Vanquished Creatures
  Gastronok (D:8)
  A hydra (Lair:2)
  2 two-headed ogres
  10 death yaks
  An orc knight (D:11)
  2 manticores (D:12)
  A cyclops (D:12)
  3 cane toads
  Jeremiah (D:8)
  A gargoyle (D:12)
  Maggie (D:7)
  2 tengu conjurers
  2 komodo dragons (Lair:1)
  7 kobold demonologists
  4 trolls
  The ghost of SuperJoe the Shield-Bearer, an amateur FoFi of Yredelemnul (D:4)
  Prince Ribbit (D:5)
  Grinder (D:4)
  34 yaks
  A vampire (D:11)
  2 wraiths
  3 wyverns
  2 shadows (D:10)
  2 basilisks (D:8)
  2 steam dragons
  Grum (D:8)
  4 vampire mosquitoes
  A warg (D:11)
  Menkaure (D:4)
  An acid dragon (D:6)
  9 water moccasins
  8 orc warriors
  3 sky beasts
  2 ice beasts
  4 black bears
  15 wolves
  An ogre (D:4)
  3 centaurs
  5 kobold brigands
  7 bullfrogs
  2 gnoll sergeants
  4 scorpions
  13 wights
  16 killer bees
  5 electric eels (D:9)
  A howler monkey (D:8)
  A bombardier beetle (D:4)
  4 jellies
  5 orc priests
  2 hounds
  2 sleepcaps (D:6)
  2 iguanas
  Jessica (D:2)
  Natasha (twice) (D:4)
  7 orc wizards
  4 mutant beasts (D:9)
  Robin (D:4)
  7 gnolls
  9 adders
  A shadow imp (D:6)
  2 white imps (D:7)
  An ufetubus (D:6)
  3 worms
  3 dart slugs
  44 orcs
  5 bats
  5 endoplasms
  6 giant cockroaches
  14 goblins
  7 hobgoblins
  6 jackals
  7 quokkas
  4 ball pythons
  5 frilled lizards
  21 kobolds
  A rat (D:3)
376 creatures vanquished.

Vanquished Creatures (collateral kills)
  An orc warrior (D:11)
  An orc (D:11)
2 creatures vanquished.

Vanquished Creatures (others)
  A bullfrog (D:8)
1 creature vanquished.

Grand Total: 379 creatures vanquished

Notes
Turn   | Place    | Note
-------+----------+-------------------------------------------
     0 | D:1      | Dordric the Troll Shapeshifter began the quest for the Orb.
     0 | D:1      | Reached XP level 1. HP: 18/18 MP: 0/0
   142 | D:1      | Reached XP level 2. HP: 26/26 MP: 1/1
   365 | D:1      | Found Ceogh's General Store.
   392 | D:1      | Reached skill level 4 in Shapeshifting
   620 | D:1      | Reached XP level 3. HP: 29/32 MP: 2/2
   791 | D:2      | Found a faded altar of an unknown god.
   972 | D:2      | Noticed Jessica
   976 | D:2      | Killed Jessica
   977 | D:2      | Reached XP level 4. HP: 40/40 MP: 3/3
  1063 | D:2      | Found Puda Dau's Antique Armour Boutique.
  1440 | D:3      | Reached skill level 5 in Shapeshifting
  1759 | D:3      | Reached XP level 5. HP: 46/46 MP: 4/4
  2195 | D:4      | Noticed Menkaure
  2195 | D:4      | Noticed Robin
  2272 | D:4      | Killed Robin
  2273 | D:4      | Reached skill level 6 in Shapeshifting
  2279 | D:4      | Killed Menkaure
  2280 | D:4      | Reached XP level 6. HP: 52/54 MP: 5/5
  2305 | D:4      | Noticed Grinder
  2321 | D:4      | Killed Grinder
  2322 | D:4      | Reached skill level 7 in Shapeshifting
  2322 | D:4      | Reached XP level 7. HP: 57/61 MP: 6/6
  2346 | D:4      | Found a runed translucent gate.
  2347 | D:4      | Found a runed translucent gate.
  2348 | D:4      | Found a runed translucent gate.
  2349 | D:4      | Noticed Natasha
  2354 | D:4      | Killed Natasha
  2360 | D:4      | Noticed Natasha
  2372 | D:4      | Killed Natasha
  2374 | D:4      | HP: 3/61 [poisoned by an orc wizard]
  2379 | D:4      | HP: 2/61 [poisoned by an orc wizard]
  2436 | D:4      | Noticed SuperJoe's ghost (amateur FoFi)
  2473 | D:4      | Reached skill level 8 in Shapeshifting
  2794 | D:4      | Killed SuperJoe's ghost
  2849 | D:5      | Entered Level 5 of the Dungeon
  2874 | D:5      | Found a shimmering blue altar of Sif Muna.
  2916 | D:5      | Noticed Prince Ribbit
  2926 | D:5      | Killed Prince Ribbit
  2927 | D:5      | Reached skill level 9 in Shapeshifting
  2927 | D:5      | Reached XP level 8. HP: 25/68 MP: 7/7
  3102 | D:5      | Found a snail-covered altar of Cheibriados.
  3104 | D:5      | Found a glowing silver altar of Zin.
  3105 | D:5      | Found a burning altar of Makhleb.
  3105 | D:5      | Found a shimmering altar of Xom.
  3120 | D:5      | Reached skill level 10 in Shapeshifting
  3126 | D:5      | Became a worshipper of Makhleb the Destroyer
  3626 | D:6      | Found a staircase to the Ecumenical Temple.
  3833 | D:6      | Reached skill level 11 in Shapeshifting
  3873 | D:6      | Reached XP level 9. HP: 75/75 MP: 8/8
  4132 | D:6      | Reached skill level 12 in Shapeshifting
  4193 | D:6      | Reached * piety under Makhleb
  4441 | D:7      | Noticed Maggie
  4450 | D:7      | Killed Maggie
  4451 | D:7      | Reached skill level 13 in Shapeshifting
  4622 | D:7      | Found a bloodstained altar of Trog.
  5433 | D:8      | Reached XP level 10. HP: 83/83 MP: 9/9
  5600 | D:8      | Reached skill level 14 in Shapeshifting
  5661 | D:8      | Noticed Gastronok
  5692 | D:8      | Killed Gastronok
  5729 | D:8      | Found a staircase to the Lair.
  5801 | D:8      | Reached ** piety under Makhleb
  5819 | D:8      | Reached skill level 15 in Shapeshifting
  5828 | D:8      | Noticed Grum
  5918 | D:8      | Noticed a death yak
  5932 | D:8      | Killed a death yak
  6012 | D:8      | Noticed Jeremiah
  6045 | D:8      | Killed Jeremiah
  6046 | D:8      | Reached XP level 11. HP: 54/81 MP: 10/10
  6092 | D:8      | Killed Grum
  7398 | D:9      | Reached skill level 5 in Unarmed Combat
  7622 | D:9      | Noticed a juvenile batweird beast
  7638 | D:9      | Killed a juvenile batweird beast
  7708 | D:9      | Reached *** piety under Makhleb
  7746 | D:9      | Found a radiant altar of Vehumet.
  7751 | D:9      | Found the +3 giant club "Skullcrusher" {speed, Str+7}
  8121 | D:10     | Entered Level 10 of the Dungeon
  8189 | D:10     | Found an opulent altar of Gozag.
  8481 | D:10     | Noticed a two-headed ogre
  8497 | D:10     | Killed a two-headed ogre
  8797 | D:10     | Found a sparkling altar of Nemelex Xobeh.
  9190 | D:11     | Noticed a two-headed ogre
  9198 | D:11     | Killed a two-headed ogre
  9373 | D:11     | Noticed a sixfirhy
  9482 | D:11     | Noticed a soul eater
  9503 | D:11     | Reached skill level 16 in Shapeshifting
  9509 | D:11     | Reached XP level 12. HP: 97/97 MP: 11/11
  9547 | D:11     | Reached **** piety under Makhleb
  9557 | D:11     | Reached skill level 10 in Unarmed Combat
  9858 | D:11     | Found Guxig's Armour Emporium.
  9858 | D:11     | Found a staircase to the Orcish Mines.
 10663 | D:12     | Found Cuon's Antique Armour Emporium.
 11227 | Lair:1   | Entered Level 1 of the Lair of Beasts
 11454 | Lair:1   | Reached skill level 17 in Shapeshifting
 11641 | Lair:1   | Noticed a death yak
 11641 | Lair:1   | Noticed a death yak
 11641 | Lair:1   | Noticed a death yak
 11642 | Lair:1   | Noticed a death yak
 11642 | Lair:1   | Noticed a death yak
 11646 | Lair:1   | Noticed a death yak
 11652 | Lair:1   | Killed a death yak
 11658 | Lair:1   | Killed a death yak
 11664 | Lair:1   | Killed a death yak
 11666 | Lair:1   | Reached ***** piety under Makhleb
 11671 | Lair:1   | Killed a death yak
 11680 | Lair:1   | Killed a death yak
 11681 | Lair:1   | Reached XP level 13. HP: 78/104 MP: 12/12
 12537 | Lair:2   | Slain by a death yak

Illustrated notes

Levels and vault maps discovered:
D:1:      dpeg_arrival_radiant, layout_basic, serial_shops, shop_fountains,
          grunt_decor_arrowhead, minmay_tetromino_l2
D:2:      layout_basic, serial_shops, shop,
          hellmonk_ecumenical_altar_arch_garden, uniq_jessica
D:3:      layout_basic
D:4:      layout_gridville, gammafunk_ghost_split,
          nicolae_kite_square_tiling_tiny, minivault_5, uniq_menkaure,
          uniq_grinder, uniq_natasha, uniq_robin
D:5:      layout_basic, mainiacjoe_overflow_catwalk,
          chequers_temple_overflow_statue_of_worship, minivault_23,
          hangedman_decor_peaks_small, lightli_corner_chamber,
          uniq_prince_ribbit1
D:6:      minmay_razor_zed, layout_rooms, minmay_temple_entry_statues_fountains
D:7:      layout_basic, nicolae_overflow_crystal_walls,
          kennysheep_cross_bottleneck, uniq_maggie
D:8:      layout_layer_cave, david_lair_generic, lemuel_flamethrower_2,
          uniq_jeremiah, uniq_grum, uniq_gastronok
D:9:      layout_roguey, vehumet_crystals, chequers_big_river,
          nicolae_beast_mode
D:10:     layout_grid_maze, grunt_gozag_breadcrumbs,
          nemelex_xobeh_ov_fountains_minmay
D:11:     layout_long_grid, orc_david_3
D:12:     layout_rooms, serial_shops, nicolae_shop_hallway_stairs
D:13:     layout_roguey, hellmonk_vaults_attempted_burglary,
          nicolae_qazlal_style_of_elements
Lair:1:   layout_cave_pods
Lair:2:   layout_chaotic_city, mainiacjoe_swamp_entry_angry_trees,
          nicolae_snake_entry_squirm

Skill      XL: |  1  2  3  4  5  6  7  8  9 10 11 12 |
---------------+-------------------------------------+-----
Shapeshifting  | 4 5 6 7 9 11 13 15 16 17 | 17.6
Unarmed Combat | 9 12 | 12.9
Fighting       | |  0.7
Dodging        | |  1.5

Action                     |  1- 3 |  4- 6 |  7- 9 | 10-12 | 13-15 || total
---------------------------+-------+-------+-------+-------+-------++-------
  Melee: Unarmed           |    73 |   119 |   272 |   600 |    80 ||  1144
         Punch             |       |     1 |       |       |       ||     1
         Constrict         |       |       |    45 |   127 |    17 ||   189
 Invoke: Minor Destruction |       |       |       |    42 |       ||    42
  Evoke: Wand              |       |       |     2 |       |       ||     2
         Box of beasts     |       |       |       |     1 |       ||     1
    Use: Scroll            |       |       |     4 |    12 |     1 ||    17
   Stab: Sleeping          |     1 |     2 |       |       |       ||     3
 Armour: Animal skin       |    50 |    28 |       |       |       ||    78
         Skin              |       |    35 |   197 |   567 |    76 ||   875
  Dodge: Dodged            |    38 |    78 |   168 |   273 |    40 ||   597
   Form: Flux              |       |     1 |       |       |     1 ||     2
         Serpent           |       |       |     1 |       |     1 ||     2

Table legend: (Time is in decaauts)
 A = Elapsed time spent in this place.
 B = Non-inter-level travel time spent in this place.
 C = Inter-level travel time spent in this place.
 D = Time resting spent in this place.
 E = Time spent auto-exploring this place.
 F = Levels seen in this place.
 G = Mean time per level.
                   A        B        C        D        E       F      G
               +--------+--------+--------+--------+--------+-----+--------+
         Total |  12429 |  11860 |    569 |    416 |   8949 |  15 |  828.6 |
       Dungeon |  11243 |  10701 |    542 |    416 |   8088 |  13 |  864.8 |
          Lair |   1185 |   1159 |     26 |      0 |    861 |   2 |  592.5 |
               +--------+--------+--------+--------+--------+-----+--------+

Top non-repeatable levels by time:
     D:8: 1809 daAuts
    D:11: 1252 daAuts
    D:10: 1178 daAuts
     D:7: 1050 daAuts
     D:9: 991 daAuts
  Lair:1: 940 daAuts
     D:4: 831 daAuts
     D:6: 771 daAuts
     D:5: 715 daAuts
     D:1: 708 daAuts
     D:2: 702 daAuts
    D:12: 610 daAuts
     D:3: 594 daAuts
  Lair:2: 245 daAuts
    D:13: 26 daAuts
